 Dungeon Crawl Stone Soup version 0.17.2 (webtiles) character file.

42650 Shtopit the Blocker (level 14, -2/88 HPs)
             Began as a Gargoyle Berserker on May 7, 2016.
             Was a High Priest of Trog.
             Slain by a hill giant
             ... wielding a +0 giant club
              (15 damage)
             ... on level 15 of the Dungeon.
             The game lasted 01:14:31 (18325 turns).

Shtopit the Blocker (Gargoyle Berserker)           Turns: 18325, Time: 01:14:31

Health: -2/88      AC: 36    Str: 27    XL:     14   Next: 20%
Magic:  19/19      EV: 11    Int:  7    God:    Trog [*****.]
Gold:   530        SH: 14    Dex:  9    Spells: 0 memorised, 13 levels left

rFire  . . .     SeeInvis +     E - +3 flail (protect)
rCold  . . .     Clarity  .     N - +4 chain mail
rNeg   + . .     SustAt   .     s - +1 shield
rPois  ∞         Gourm    .     A - +0 hat {MR+}
rElec  +         Spirit   .     y - +0 cloak
rCorr  .         Warding  .     b - +0 pair of gloves
rMut   .         Stasis   .     j - +0 pair of boots
MR     +....                    (no amulet)
Stlth  ..........               p - ring of see invisible
                                O - ring of protection from magic

@: vulnerable, somewhat resistant to hostile enchantments, extremely unstealthy
A: big wings, molten scales 1, negative energy resistance 1, electricity
resistance, unbreathing, petrification resistance, rot immunity, AC +9
a: Fly, Berserk, Trog's Hand, Brothers in Arms, Burn Spellbooks, Renounce
Religion


You were on level 15 of the Dungeon.
You worshipped Trog.
Trog was extremely pleased with you.
You were hungry.

You visited 1 branch of the dungeon, and saw 15 of its levels.

You collected 1138 gold pieces.
You spent 608 gold pieces at shops.

Inventory:

Hand Weapons
 l - a +0 whip of flaming
 n - a +4 broad axe of freezing
 o - a +0 mace of holy wrath
 D - a +2 morningstar
 E - a +3 flail of protection (weapon)
 J - the +1 hand crossbow of Obsession {penet, rF+ Str+4}
   (You bought it in a shop on level 13 of the Dungeon)

   Ammo fired by it will pass through the targets it hits, potentially hitting
   all targets in its path until it reaches maximum range.
   It affects your strength (+4).
   It protects you from fire.
 K - a +0 whip of electrocution
 Q - a +3 hunting sling of flaming
 V - a +0 blowgun
Missiles
 r - 12 curare-tipped needles
 v - 22 bolts of penetration
 I - 14 poisoned needles
Armour
 b - a +0 pair of gloves (worn)
 g - a +1 chain mail of fire resistance
 h - a mottled dragon hide
 j - a +0 pair of boots (worn)
 s - a +1 shield (worn)
 y - a +0 cloak (worn)
 A - a +0 hat of magic resistance (worn)
 L - a +0 plate armour
 N - a +4 chain mail (worn)
Jewellery
 a - an uncursed amulet of rage
 p - a ring of see invisible (right hand)
 t - an uncursed ring of positive energy {unknown}
 z - a cursed ring of teleportation
 O - a ring of protection from magic (left hand)
 S - an uncursed ring of ice
Wands
 e - a wand of teleportation (1)
 C - a wand of confusion (9)
 H - a wand of digging (20)
 X - a wand of disintegration (6)
 Z - a wand of fire (7)
Scrolls
 d - 5 scrolls of remove curse
 k - a scroll of teleportation
 u - 5 scrolls of recharging
 M - 3 scrolls of torment {unknown}
 U - a scroll of fog
Potions
 m - a potion of brilliance
 q - a potion of flight
 w - 5 potions of curing
 x - 2 potions of magic
 F - 2 potions of heal wounds
 R - a potion of might
 T - a potion of cure mutation
 W - a potion of invisibility
Miscellaneous
 B - a sack of spiders
 P - a plain deck of destruction
Comestibles
 c - 13 bread rations
 f - 5 meat rations
 i - 7 fruits
 G - 13 royal jellies
 Y - 3 beef jerkies


   Skills:
 + Level 10.1 Fighting
 + Level 0.1(6.7) Axes
 + Level 11.5 Maces & Flails
 + Level 0.5 Throwing
 * Level 11.4 Armour
 + Level 9.2 Dodging
 - Level 1.4 Stealth
 + Level 11.7 Shields
 * Level 7.0 Evocations


You had 13 spell levels left.
You didn't know any spells.

Dungeon Overview and Level Annotations

Branches:
Dungeon (15/15)            Temple (0/1) D:6            Lair (0/8) D:8
    Orc (0/4) D:12         Vaults (0/5) D:14
 Depths: D:15

Altars:
Ashenzari
Dithmenos
Gozag
Kikubaaqudgha
Nemelex Xobeh
Ru
Vehumet
The Shining One

Shops:
D:4 %   D:6 (   D:9 (=   D:13 (   D:14 }


Innate Abilities, Weirdness & Mutations

You are resistant to torment.
Your stone body is resilient (AC +9).
You are immune to poison.
Your large and strong wings let you fly indefinitely.
You resist negative energy.
You are resistant to electric shocks.
You can survive without breathing.
You are immune to petrification.
You are immune to rotting.
You are partially covered in molten scales (AC +1).


Message History

You slip out of the net!
The hill giant hits you with a giant club!
* * * LOW HITPOINT WARNING * * *
You hit the hill giant.
The hill giant is lightly wounded.
You hit the hill giant.
The hill giant is lightly wounded.
You block the hill giant's attack.
You hit the hill giant but do no damage.
The hill giant is lightly wounded.
The hill giant hits you but does no damage.
You hit the hill giant.
The hill giant is lightly wounded.
You hit the hill giant.
The hill giant is moderately wounded.
You block the hill giant's attack.
You sock the hill giant!
The hill giant is moderately wounded.
The hill giant hits you with a giant club!
You die...

#### #@.#
.......C#......
........# .....
........# ....
........# ...
...###### ##
... ..


You could see a hill giant.

Vanquished Creatures
  Gastronok (D:8)
  4 vault guards (D:14)
  Josephine (D:13)
  A hydra (D:14)
  Erica (D:8)
  5 centaur warriors
  An ogre mage (D:14)
  A tengu warrior (D:13)
  Sonja (D:12)
  A hill giant (D:14)
  An unseen horror (D:10)
  Pikel (D:8)
  2 griffons (D:13)
  A wolf spider (D:15)
  3 manticores
  An orc sorcerer (D:14)
  An orc knight (D:14)
  2 ugly things
  A frost giant zombie (D:15)
  2 cyclopes
  6 centaur zombies
  An elf zombie (D:15)
  2 gargoyles
  4 yaktaurs
  2 centaur skeletons
  An efreet (D:14)
  A fire drake (D:8)
  4 trolls
  A tengu conjurer (D:13)
  Grinder (D:6)
  2 two-headed ogres (D:14)
  5 slime creatures
  A vampire (D:12)
  22 yaks
  A human (D:14)
  A shadow (D:12)
  4 wraiths (D:13)
  5 hippogriffs
  2 hungry ghosts
  9 vampire mosquitoes
  2 mottled dragons
  Edmund (D:4)
  A soldier ant (D:8)
  A water moccasin (D:6)
  3 ice beasts
  7 sky beasts
  3 wasps
  4 black bears
  11 orc warriors
  2 crocodiles
  An eye of draining (D:13)
  5 ogres
  A necrophage (D:7)
  2 phantoms
  A brain worm (D:8)
  11 centaurs
  2 big kobolds
  7 giant frogs
  18 killer bees
  7 scorpions
  A water moccasin zombie (D:9)
  An electric eel (D:12)
  7 wights
  5 giant frog zombies
  7 crimson imps
  10 orc wizards
  Crazy Yiuf (D:3)
  5 orc priests
  Ijyb (D:3)
  2 giant frog skeletons
  4 hounds
  6 jellies
  2 iguanas
  4 sheep (D:11)
  12 worker ants
  2 hound skeletons
  Robin (D:2)
  11 adders
  13 gnolls
  5 shadow imps
  2 oozes
  3 worms
  2 adder skeletons
  65 orcs
  4 bats
  2 giant cockroaches
  14 goblins
  6 hobgoblins
  6 jackals
  9 quokkas
  A giant cockroach zombie (D:5)
  7 giant geckos
  A giant gecko skeleton (D:4)
  8 giant newts
  2 jackal zombies
  17 kobolds
  3 quokka skeletons
  7 rats
  A fungus (D:9)
457 creatures vanquished.

Vanquished Creatures (collateral kills)
  Frances (D:14)
  An orc knight (D:13)
  An orc warrior (D:13)
3 creatures vanquished.

Vanquished Creatures (others)
  A slave (D:8)
  A centaur (D:8)
  A crimson imp (D:8)
  A gnoll (D:8)
4 creatures vanquished.

Grand Total: 464 creatures vanquished

Notes
Turn   | Place    | Note
--------------------------------------------------------------
     0 | D:1      | Shtopit the Gargoyle Berserker began the quest for the Orb.
     0 | D:1      | Reached XP level 1. HP: 14/14 MP: 1/1
   523 | D:1      | Reached XP level 2. HP: 19/19 MP: 2/2
   904 | D:2      | Reached XP level 3. HP: 24/24 MP: 3/3
  1341 | D:2      | Reached ** piety under Trog
  1360 | D:2      | Noticed Robin
  1388 | D:2      | Killed Robin
  1388 | D:2      | Reached XP level 4. HP: 18/29 MP: 4/4
  1669 | D:2      | Reached skill level 4 in Fighting
  2088 | D:3      | Reached XP level 5. HP: 33/33 MP: 5/5
  2299 | D:3      | Found a sacrificial altar of Ru.
  2510 | D:3      | Reached *** piety under Trog
  2678 | D:3      | Noticed Crazy Yiuf
  2685 | D:3      | Killed Crazy Yiuf
  2685 | D:3      | Reached skill level 1 in Shields
  2685 | D:3      | Reached XP level 6. HP: 32/39 MP: 6/6
  3168 | D:3      | Noticed Ijyb
  3200 | D:3      | Killed Ijyb
  3231 | D:3      | Found a radiant altar of Vehumet.
  3459 | D:4      | Found Jasug's Food Emporium.
  3461 | D:4      | Noticed Edmund
  3477 | D:4      | Killed Edmund
  3477 | D:4      | Reached XP level 7. HP: 44/44 MP: 7/7
  3622 | D:4      | Found a shattered altar of Ashenzari.
  4334 | D:5      | Entered Level 5 of the Dungeon
  4476 | D:5      | Found an ancient bone altar of Kikubaaqudgha.
  4496 | D:5      | Reached skill level 5 in Fighting
  5105 | D:5      | Found a shadowy altar of Dithmenos.
  5129 | D:5      | Found an opulent altar of Gozag.
  5334 | D:5      | Reached skill level 1 in Stealth
  5657 | D:6      | Noticed Grinder
  5667 | D:6      | Reached XP level 8. HP: 49/49 MP: 8/8
  5679 | D:6      | Killed Grinder
  5679 | D:6      | Reached skill level 5 in Maces & Flails
  5826 | D:6      | Found a staircase to the Ecumenical Temple.
  5839 | D:6      | Reached skill level 5 in Armour
  5969 | D:6      | Reached skill level 5 in Dodging
  5994 | D:6      | Reached **** piety under Trog
  6039 | D:6      | Found Fymmyen's Weapon Emporium.
  6212 | D:6      | Got a fine dagger
  6213 | D:6      | Identified the +11 dagger "Vaag" {flame, *Drain rPois rN++} (You found it on level 6 of the Dungeon)
  6280 | D:6      | Reached XP level 9. HP: 55/55 MP: 9/9
  6329 | D:6      | Reached skill level 6 in Maces & Flails
  6605 | D:7      | Reached skill level 5 in Shields
  7378 | D:8      | Reached XP level 10. HP: 55/61 MP: 10/10
  7433 | D:8      | Reached ***** piety under Trog
  7442 | D:8      | Reached skill level 7 in Maces & Flails
  7764 | D:8      | Found a staircase to the Lair.
  7764 | D:8      | Noticed a fire drake
  7773 | D:8      | Killed a fire drake
  8318 | D:8      | Noticed Pikel
  8330 | D:8      | Killed Pikel
  8541 | D:8      | Noticed Gastronok
  8604 | D:8      | Killed Gastronok
  8604 | D:8      | Received a gift from Trog
  8604 | D:8      | Reached skill level 8 in Maces & Flails
  8604 | D:8      | Reached XP level 11. HP: 34/67 MP: 11/11
  8829 | D:8      | Noticed Erica
  8849 | D:8      | Killed Erica
  9250 | D:9      | Found a sparkling altar of Nemelex Xobeh.
  9379 | D:9      | Reached skill level 1 in Evocations
  9392 | D:9      | Received a gift from Trog
  9465 | D:9      | Found a glowing golden altar of the Shining One.
  9502 | D:9      | Found Peutupt's Jewellery Shop.
  9510 | D:9      | Bought an uncursed ring of see invisible for 165 gold pieces
  9589 | D:9      | Found Kunia's Weapon Shop.
  9627 | D:10     | Entered Level 10 of the Dungeon
  9972 | D:10     | Noticed an unseen horror
  9994 | D:10     | Killed an unseen horror
 10025 | D:10     | Found a shattered altar of Ashenzari.
 10773 | D:11     | Reached skill level 9 in Maces & Flails
 10886 | D:11     | Received a gift from Trog
 11174 | D:11     | Gained mutation: You are partially covered in molten scales (AC +1). [potion of beneficial mutation]
 11197 | D:11     | Got a fine robe
 11527 | D:11     | Reached XP level 12. HP: 63/75 MP: 14/14
 11614 | D:11     | Identified the cursed +0 robe "Giasaw" {rC+ Dex-5 Slay+2} (You found it on level 11 of the Dungeon)
 12237 | D:12     | Noticed Sonja
 12677 | D:12     | Killed Sonja
 13068 | D:12     | Found a staircase to the Orcish Mines.
 13851 | D:13     | Noticed a tengu warrior
 13877 | D:13     | Killed a tengu warrior
 13982 | D:13     | Reached skill level 10 in Maces & Flails
 14091 | D:13     | Reached skill level 10 in Shields
 14349 | D:13     | Found Biruc's Antique Weapon Shoppe.
 14380 | D:13     | Received a gift from Trog
 14393 | D:13     | Bought a steaming hand crossbow for 289 gold pieces
 14480 | D:13     | Noticed a centaur warrior
 14490 | D:13     | Killed a centaur warrior
 14490 | D:13     | Reached skill level 5 in Evocations
 14517 | D:13     | Noticed a centaur warrior
 14538 | D:13     | Killed a centaur warrior
 14538 | D:13     | Reached XP level 13. HP: 54/80 MP: 16/16
 14755 | D:13     | Reached skill level 10 in Armour
 14826 | D:13     | Noticed Josephine
 14836 | D:13     | Killed Josephine
 15071 | D:13     | Reached skill level 11 in Shields
 15104 | D:13     | Identified the cursed +1 hand crossbow of Obsession {penet, rF+ Str+4} (You bought it in a shop on level 13 of the Dungeon)
 15813 | D:14     | Noticed Frances
 15847 | D:14     | Noticed a vault guard
 16103 | D:14     | Found Edicwin's Gadget Shop.
 16126 | D:14     | Bought a plain deck of destruction for 154 gold pieces
 16783 | D:14     | Killed Frances
 17108 | D:14     | Noticed a vault guard
 17172 | D:14     | Killed a vault guard
 17338 | D:14     | Noticed a vault guard
 17361 | D:14     | Noticed a vault guard
 17484 | D:14     | Found a gate to the Vaults.
 17507 | D:14     | Killed a vault guard
 17507 | D:14     | Received a gift from Trog
 17542 | D:14     | Killed a vault guard
 17542 | D:14     | Gained mutation: Your large and strong wings let you fly indefinitely. [Gargoyle growth]
 17542 | D:14     | Reached XP level 14. HP: 44/87 MP: 19/19
 17773 | D:14     | Killed a vault guard
 18042 | D:15     | Entered Level 15 of the Dungeon
 18157 | D:15     | Reached skill level 10 in Fighting
 18325 | D:15     | Slain by a hill giant

Action                   |  1- 3 |  4- 6 |  7- 9 | 10-12 | 13-15 || total
-------------------------+-------+-------+-------+-------+-------++-------
Melee: Mace              |   129 |   170 |       |       |    21 ||   320
       Flail             |       |    13 |   384 |  1028 |   589 ||  2014
       Whip              |       |       |       |    52 |       ||    52
       Morningstar       |       |       |       |       |    67 ||    67
       Broad axe         |       |       |       |       |     7 ||     7
 Fire: Blowgun           |       |       |       |     7 |       ||     7
Invok: Berserk           |     3 |     3 |     4 |    10 |     6 ||    26
       Burn Spellbooks   |       |       |       |     2 |       ||     2
       Brothers in Arms  |       |       |       |       |     2 ||     2
Evoke: Wand              |       |       |       |     4 |       ||     4
  Use: Scroll            |       |       |     7 |    17 |     4 ||    28
       Potion            |       |       |     1 |     7 |     3 ||    11
 Stab: Sleeping          |     1 |       |     1 |       |       ||     2
       Invisible         |       |       |       |     1 |       ||     1
  Eat: Chunk             |     3 |    11 |    17 |    33 |    13 ||    77
       Beef jerky        |       |       |     1 |       |       ||     1
       Pizza             |       |       |       |     2 |     1 ||     3
       Meat ration       |       |       |       |       |     1 ||     1
